 Dungeon Crawl Stone Soup version 0.30-a0-1016-gfb0d676c02 (webtiles) character file.

Game seed: 14595532066998743566

123 ThatPearl the Chopper (level 5, -3/47 HPs)
             Began as a Hill Orc Monk on Apr 7, 2023.
             Was a Believer of Beogh.
             Slain by a river rat (7 damage)
             ... in a sewer.
             The game lasted 00:05:11 (2174 turns).

ThatPearl the Chopper (Hill Orc Monk)               Turns: 2174, Time: 00:05:11

Health: -3/47      AC:  7    Str: 13 (16) XL:     5   Next: 7%
Magic:  5/5        EV:  9    Int:  7 (10) God:    Beogh [**....]
Gold:   116        SH:  0    Dex: 11 (13) Spells: 4/4 levels left

rFire   . . .      SeeInvis .    a - +0 hand axe
rCold   + . .      Faith    .    (no shield)
rNeg    . . .      Spirit   .    f - +0 scale mail
rPois   .          Reflect  .    j - +0 helmet
rElec   .          Rampage  .    (no cloak)
rCorr   .                        (no gloves)
Will    .....                    (no boots) Stlth
                                 (no amulet)
HPRegen 0.27/turn                n - ring of protection from cold
MPRegen 0.09/turn                (no ring)

@: no status effects
A: no striking features
a: Renounce Religion, Smiting


You were in a sewer.
You worshipped Beogh.
Beogh was pleased with you.
You visited 1 branch of the dungeon, and saw 3 of its levels.
You also visited: Sewer.

You collected 116 gold pieces.

Inventory:

Hand Weapons
 a - a +0 hand axe (weapon)
Missiles
 b - 4 poisoned darts (quivered)
Armour
 e - a +0 ring mail
 f - a +0 scale mail (worn)
 j - a +0 helmet (worn)
 o - a +3 ring mail
Jewellery
 n - a ring of protection from cold (left hand)
Scrolls
 d - 3 scrolls of identify {unknown}
 h - a scroll of enchant weapon {unknown}
Potions
 i - a potion of haste {unknown}
 k - a potion of brilliance {unknown}
 l - a potion of berserk rage {unknown}
 m - a potion of might {unknown}


   Skills:
 + Level 4.6 Fighting
 * Level 5.9 Axes
 + Level 2.0 Armour
 - Level 2.5 Dodging
 - Level 1.5 Stealth


You had 4 spell levels left.
You didn't know any spells.
Your spell library contained the following spells:

 Spells                   Type           Power      Damage    Failure   Level
 Kiss of Death            Conj/Necr      0%         2d5       91%         1
 Confusing Touch          Hex            0%         N/A       100%        3
 Dispel Undead            Necr           0%         3d6       100%        4


Dungeon Overview and Level Annotations

Branches:
Dungeon (3/15)              Sewer (1/1)

Altars:
Ashenzari
Sif Muna


Message History

You hit the river rat but do no damage. The river rat barely misses you.
The river rat bites you.
* * * LOW HITPOINT WARNING * * *
You are confused.
You feel invigorated. The river rat closely misses you.
The river rat bites you.
* * * LOW HITPOINT WARNING * * *
You miss the river rat.
The river rat is almost dead.
You miss the river rat. The river rat bites you.
* * * LOW HITPOINT WARNING * * *
The river rat misses you. The river rat attacks as you move away!
The river rat closely misses you.
You enter the shallow water.
Moving in this stuff is going to be slow.
The river rat barely misses you.
You see here a rat corpse.
You hit the river rat but do no damage.
The river rat is almost dead.
You hit the river rat but do no damage.
You feel less invigorated.
You feel less confused. The river rat closely misses you.
The river rat bites you!
* * * LOW HITPOINT WARNING * * *
The river rat bites you.
* * * LOW HITPOINT WARNING * * *
The river rat misses you.
You barely miss the river rat.
The river rat is severely wounded.
You hit the river rat.
You kill the river rat!
Beogh accepts your kill.
The river rat bites you but does no damage.
Your Armour skill increases to level 2!
You have reached level 5!
You feel stronger.
It was a potion of degeneration.
There was something very wrong with that liquid.
You feel weakened.
You feel dopey.
You feel clumsy. The river rat bites you!
You die...

####
#.~.##
~..~.~
~~.~##
#.~~#
#.†##
#...#
##†r#
#†@#
#∩∩#
#~.#
#~.#
.~~#
#~~##
.~~#
~..##
r~.~


You could see a river rat.

Vanquished Creatures
  An orc wizard (D:3)
  A river rat (Sewer)
  2 adders (D:2)
  3 dart slugs (D:1)
  3 orcs (D:3)
  A bat (D:3)
  6 endoplasms
  8 giant cockroaches
  6 goblins
  6 hobgoblins
  3 quokkas
  7 ball pythons
  A frilled lizard (D:2)
  4 kobolds
  7 rats
59 creatures vanquished.

Vanquished Creatures (others)
  3 orcs (D:3)
  A fungus (D:1)
  5 plants (D:1)
9 creatures vanquished.

Grand Total: 68 creatures vanquished

Notes
Turn   | Place    | Note
-------+----------+-------------------------------------------
     0 | D:1      | ThatPearl the Hill Orc Monk began the quest for the Orb.
     0 | D:1      | Reached XP level 1. HP: 19/19 MP: 1/1
   168 | D:1      | Reached XP level 2. HP: 24/27 MP: 2/2
   254 | D:1      | Found a faded altar of an unknown god.
   791 | D:1      | Reached XP level 3. HP: 30/33 MP: 3/3
  1070 | D:2      | Found a shimmering blue altar of Sif Muna.
  1108 | D:2      | Reached skill level 5 in Axes
  1108 | D:2      | Reached skill level 1 in Armour
  1421 | D:2      | Reached XP level 4. HP: 40/40 MP: 4/4
  1976 | D:3      | Became a worshipper of Beogh the Brigand
  1976 | D:3      | Reached * piety under Beogh
  1976 | D:3      | Reached ** piety under Beogh
  2097 | D:3      | Found a broken altar of Ashenzari.
  2115 | D:3      | Found a glowing drain.
  2147 | Sewer    | Entered a sewer
  2167 | Sewer    | HP: 2/41 [river rat (6)]
  2174 | Sewer    | Reached XP level 5. HP: 3/47 MP: 5/5
  2174 | Sewer    | Slain by a river rat

Illustrated notes

Levels and vault maps discovered:
D:1:      sevenhm_arrival_forest_fort_small_3, layout_basic, serial_forest,
          infiniplex_forest_straight_2, infiniplex_forest_zigzag_2,
          infiniplex_forest_clump_cross, infiniplex_forest_lined_room_3,
          infiniplex_forest_end_3, infiniplex_forest_straight_2,
          infiniplex_forest_lined_2, infiniplex_forest_lined_ring,
          infiniplex_forest_clump_C, shapermc_ecumenical_altar_mp_ritualfount,
          nrook_mini_backslash, minmay_strange_pillars,
          corexii_item_surrounded_by_moat
D:2:      layout_basic, basic_altar, chequers_serial_rivers_micro_a, st_stairs_5
D:3:      layout_basic, mainiacjoe_overflow_alcove_2,
          ashenzari_conservatory_becter, gup_sewer_entry_pipe,
          chequers_serial_rivers_small_b, hangedman_decor_push
Sewer:    sewer_hellmonk_bad_rat

Skill      XL: |  1  2  3  4 |
---------------+-------------+-----
Fighting       | 4 |  4.6
Axes           | 5 |  5.9
Armour         | 1 2 |  2.0
Dodging        | |  2.5
Stealth        | |  1.5

Action                     |  1- 3 |  4- 6 || total
---------------------------+-------+-------++-------
  Melee: Hand axe          |   108 |   112 ||   220
         Punch             |     1 |     4 ||     5
 Invoke: Convert to Beogh  |       |     1 ||     1
    Use: Potion            |       |     2 ||     2
   Stab: Sleeping          |     2 |       ||     2
 Armour: Ring mail         |     6 |       ||     6
         Robe              |     2 |       ||     2
         Scale mail        |    35 |    63 ||    98
  Dodge: Dodged            |    46 |    79 ||   125

Table legend: (Time is in decaauts)
 A = Elapsed time spent in this place.
 B = Non-inter-level travel time spent in this place.
 C = Inter-level travel time spent in this place.
 D = Time resting spent in this place.
 E = Time spent auto-exploring this place.
 F = Levels seen in this place.
 G = Mean time per level.
                   A        B        C        D        E       F      G
               +--------+--------+--------+--------+--------+-----+--------+
         Total |   2189 |   2117 |     72 |    133 |   1417 |   4 |  547.2 |
       Dungeon |   2161 |   2089 |     72 |    133 |   1417 |   3 |  720.3 |
         Sewer |     27 |     27 |      0 |      0 |      0 |   1 |   27.0 |
               +--------+--------+--------+--------+--------+-----+--------+

Top non-repeatable levels by time:
     D:1: 1074 daAuts
     D:2: 843 daAuts
     D:3: 243 daAuts
   Sewer: 27 daAuts
